 Dungeon Sprint DCSS version 0.20-a0-871-g785f14b (webtiles) character file.

488 hittemvvvvhard the Cleaver (level 6, -7/63 HPs)
             Began as a Minotaur Fighter on Mar 14, 2017.
             Was a Follower of Jiyva.
             Mangled by a red devil
             ... wielding a +0 trident
             ... summoned by a kobold demonologist
              (18 damage)
             ... in the Dungeon (Sprint I: "Red Sonja").
             The game lasted 00:01:52 (511 turns).

hittemvvvvhard the Cleaver (Minotaur Fighter)        Turns: 511, Time: 00:01:53

Health: -7/63      AC:  8    Str: 23    XL:     6   Next: 90%
Magic:  5/5        EV:  8    Int:  5    God:    Jiyva [*.....]
Gold:   297        SH: 11    Dex:  9    Spells: 5/5 levels left

rFire    . . .     SeeInvis .   a - +0 war axe
rCold    . . .     Gourm    .   b - +0 scale mail
rNeg     . . .     Faith    .   c - +0 shield
rPois    .         Spirit   .   (helmet restricted)
rElec    .         Reflect  .   (no cloak)
rCorr    .         Harm     .   (no gloves)
MR       .....     NoTele   +   (no boots)
Stlth    ..........             (no amulet)
Regen    0.2/turn               (no ring)
MPRegen  0.1/turn               (no ring)

@: exhausted, slowed, very slow
A: retaliatory headbutt, horns 2
a: Request Jelly, Renounce Religion


You were in the Dungeon.
You worshipped Jiyva.
Jiyva was aware of your devotion.
You were not hungry.

You visited 1 branch You collected 297 gold pieces.

Inventory:

Hand Weapons
 a - a +0 war axe (weapon)
Armour
 b - a +0 scale mail (worn)
 c - a +0 shield (worn)
Scrolls
 g - a scroll of remove curse {unknown}
 k - a scroll of blinking
Potions
 e - a potion of curing
 h - a potion of haste
 i - 2 potions of magic
Comestibles
 f - a bread ration
 l - a royal jelly


   Skills:
 + Level 9.0 Fighting
 * Level 10.7 Axes
 + Level 9.1 Armour
 + Level 9.0 Shields


You had 5 spell levels left.
You didn't know any spells.

Dungeon Overview and Level Annotations

Branches:
Dungeon (1/1)

Altars:
Makhleb
Sif Muna
Vehumet
Wu Jian
Xom
Jiyva
Lugonu


Innate Abilities, Weirdness & Mutations

You reflexively headbutt those who attack you in melee.
You have a pair of horns on your head.


Message History

The kobold demonologist barely misses you.
You block the kobold demonologist's attack.
You hit the red devil.
The red devil is lightly wounded.
You closely miss the ynoxinul.
You closely miss the kobold demonologist. x2
You miss the quasit. The red devil hits you with a trident!
* * * LOW HITPOINT WARNING * * *
The quasit bites you.
* * * LOW HITPOINT WARNING * * *
You block the quasit's attack.
The quasit claws you but does no damage.
The ynoxinul gestures.
The kobold demonologist looks satisfied for a moment.
The kobold demonologist gestures wildly while chanting.
The quasit bites you but does no damage.
You block the quasit's attack.
The quasit claws you but does no damage.
The red devil hits you with a trident!!
You die...

########################
.#..)..#..'..#53#Ksss5.#
.').#..').#..554@Ks#
.#####'#####'#55#### .#
#..#...#.#### .#
####..##.# .# ##'#_.+ ⌠#
+..._# ## #_.#+# ##+#


You could see 4 demonic crawlers, 2 kobold demonologists, a ynoxinul, a red
devil, a quasit, a shadow imp and 4 ufetubi.

Vanquished Creatures
  A slime creature (D)
  Sigmund (D)
  An ogre (D)
  A jelly (D)
  Ijyb (D)
5 creatures vanquished.

Vanquished Creatures (others)
  A floating eye (D)
  A jelly (D)
2 creatures vanquished.

Grand Total: 7 creatures vanquished

Notes
Turn   | Place    | Note
-------+----------+-------------------------------------------
     0 | D        | hittemvvvvhard the Minotaur Fighter began the quest for the Orb.
     0 | D        | Reached XP level 1. HP: 19/19 MP: 0/0
     1 | D        | Noticed Ijyb
     8 | D        | Killed Ijyb
     8 | D        | Reached skill level 5 in Fighting
     8 | D        | Reached skill level 3 in Axes
     8 | D        | Reached skill level 5 in Armour
     8 | D        | Reached skill level 5 in Shields
     8 | D        | Reached XP level 2. HP: 19/29 MP: 1/1
   118 | D        | Noticed an ogre
   120 | D        | HP: 1/29 [ogre/giant club (15)]
   124 | D        | Killed an ogre
   124 | D        | Reached skill level 6 in Axes
   124 | D        | Reached XP level 3. HP: 29/38 MP: 2/2
   124 | D        | Reached XP level 4. HP: 35/45 MP: 3/3
   191 | D        | Noticed Sigmund
   198 | D        | Killed Sigmund
   198 | D        | Reached skill level 8 in Axes
   198 | D        | Reached XP level 5. HP: 25/53 MP: 4/4
   389 | D        | Found a deep blue altar of Sif Muna.
   390 | D        | Found an ornate altar of the Wu Jian Council.
   392 | D        | Found a radiant altar of Vehumet.
   394 | D        | Reached skill level 9 in Axes
   394 | D        | Reached XP level 6. HP: 57/61 MP: 5/5
   400 | D        | Found a viscous altar of Jiyva.
   400 | D        | Found a corrupted altar of Lugonu.
   400 | D        | Noticed a slime creature
   401 | D        | Found a burning altar of Makhleb.
   401 | D        | Found a shimmering altar of Xom.
   408 | D        | Killed a slime creature
   408 | D        | Reached skill level 10 in Axes
   463 | D        | Became a worshipper of Jiyva Jergh the Shapeless
   475 | D        | Reached * piety under Jiyva
   491 | D        | Noticed a kobold demonologist
   492 | D        | Noticed a ynoxinul
   493 | D        | Noticed a hellwing
   493 | D        | Noticed a floating eye
   495 | D        | Noticed a kobold demonologist
   495 | D        | Noticed a demonic crawler
   496 | D        | Killed a floating eye
   499 | D        | Noticed a demonic crawler
   502 | D        | Noticed a demonic crawler
   502 | D        | Noticed a demonic crawler
   507 | D        | Noticed a ynoxinul
   510 | D        | Noticed a red devil
   511 | D        | Mangled by a red devil

Vault maps used:
D:        dungeon_sprint_1

Skill      XL: |  1  2  3  4  5  6 |
---------------+-------------------+-----
Fighting       | 5 6 7 9 |  9.0
Axes           | 3 6 8 9 10 | 10.7
Armour         | 5 6 8 9 |  9.1
Shields        | 5 6 7 8 9 |  9.0

Action                   |  1- 3 |  4- 6 || total
-------------------------+-------+-------++-------
Melee: War axe           |    11 |    30 ||    41
       Headbutt          |     3 |    10 ||    13
  Use: Potion            |     2 |     1 ||     3
Armor: Scale mail        |     3 |    23 ||    26
Dodge: Dodged            |     3 |    17 ||    20
Block: Shield            |     2 |    28 ||    30
